 Dungeon Crawl Stone Soup version 0.23.2-33-g5129a83184 (webtiles) character file.

Game seed: 1043956099111937198

4128 funkygono the Blocker (level 10, -8/54 HPs)
             Began as a Gargoyle Fighter on July 13, 2019.
             Was a Priest of Elyvilon.
             Mangled by a two-headed ogre
             ... wielding a +0 giant spiked club
              (15 damage)
             ... on level 8 of the Dungeon.
             The game lasted 00:20:36 (7198 turns).

funkygono the Blocker (Gargoyle Fighter)            Turns: 7198, Time: 00:20:37

Health: -8/54      AC: 18    Str: 29    XL:     10   Next: 27%
Magic:  7/10       EV:  8    Int:  9    God:    Elyvilon [***...]
Gold:   562        SH: 18    Dex: 10    Spells: 9/9 levels left

rFire    . . .     SeeInvis .   a - +1 flail
rCold    + . .     Gourm    .   g - +0 large shield
rNeg     + . .     Faith    .   b - +0 scale mail
rPois    ∞         Spirit   .   (no helmet)
rElec    +         Reflect  .   o - +2 cloak
rCorr    .         Harm     .   (no gloves)
MR       .....     Rnd*Rage +   (no boots)
Stlth    ..........             (no amulet)
HPRegen  0.18/turn              (no ring)
MPRegen  0.12/turn              (no ring)

@: mighty, studying Polearms
A: berserk 1, cold resistance 1, frail 1, negative energy resistance 1,
electricity resistance, strong 1, unbreathing, petrification resistance, rot
immunity, AC +7
a: Lesser Healing, Heal Other, Purification, Divine Protection, Renounce
Religion


You were on level 8 of the Dungeon.
You worshipped Elyvilon.
Elyvilon was most pleased with you.
You were not hungry.

You visited 2 branches of the dungeon, and saw 10 of its levels.

You collected 562 gold pieces.

Inventory:

Hand Weapons
 a - a +1 flail (weapon)
Missiles
 e - 187 stones (quivered)
Armour
 b - a +0 scale mail (worn)
 c - a +0 shield
 g - a +0 large shield (worn)
 i - a +0 chain mail
 o - a +2 cloak (worn)
Magical Staves
 v - an uncursed staff of summoning {unknown}
Wands
 h - a wand of digging (4)
Scrolls
 l - 3 scrolls of blinking
 p - 2 scrolls of magic mapping
 q - 8 scrolls of remove curse
 r - a scroll of fog
 s - 4 scrolls of teleportation
Potions
 d - 3 potions of might
 j - 3 potions of ambrosia
 k - 3 potions of lignification
 t - 3 potions of magic
Books
 n - a manual of Polearms
Comestibles
 f - 9 rations
 m - 6 chunks of flesh


   Skills:
 + Level 6.4 Fighting
 + Level 8.5 Maces & Flails
 + Level 7.1 Armour
 + Level 3.9 Dodging
 + Level 2.2 Stealth
 + Level 8.8 Shields
 + Level 1.1 Invocations


You had 9 spell levels left.
You didn't know any spells.
Your spell library was empty.

Dungeon Overview and Level Annotations

Branches:
Dungeon (9/15)             Temple (1/1) D:6
   Lair: D:8-11         Orc: D:9-12

Altars:
Ashenzari
Cheibriados
Dithmenos
Elyvilon
Fedhas
Gozag
Hepliaklqana
Kikubaaqudgha
Makhleb
Nemelex Xobeh
Okawaru
Qazlal
Ru
Sif Muna
Trog
Uskayaw
Vehumet
Wu Jian
Xom
Yredelemnul
Zin
The Shining One

Shops:
D:4 [   D:7 }


Innate Abilities, Weirdness & Mutations

You are resistant to torment.
Your stone body is resilient. (AC +7)
You are immune to poison.
You resist negative energy. (rN+)
You are resistant to electric shocks. (rElec)
You can survive without breathing.
You are immune to petrification.
You are immune to rotting.
You tend to lose your temper in combat.
Your flesh is cold resistant. (rC+)
You are frail. (-10% HP)
Your muscles are strong. (Str +2)


Message History

The two-headed ogre hits you with a +0 giant spiked club!
Elyvilon protects you from harm!
You feel very mighty all of a sudden.
The two-headed ogre hits you but does no damage.
You block the two-headed ogre's attack.
You hit the two-headed ogre.
The two-headed ogre is moderately wounded.
You block the two-headed ogre's attack. x2
Your shield prevents you from hitting the two-headed ogre.
The two-headed ogre is moderately wounded.
The two-headed ogre closely misses you. You block the two-headed ogre's attack.
Okay, then.
Okay, then.
You completely miss the two-headed ogre.
The two-headed ogre is moderately wounded.
You barely miss the two-headed ogre.
The two-headed ogre is moderately wounded.
You block the two-headed ogre's attack.
The two-headed ogre hits you with a +0 giant spiked club!
You die...

....##.....##.#...........#
...........####.#........##
............#...#......###
.....###........#.......###
....####.....#.##.........#
.....##......#............#
..........................#
.............###.O........#####
..............##@........##...##
..............####.............#
...............##....##........#
................#....#......#.##
..#.##.....###.##........######
..##......##.........#.###
......##..###........#...##
##....##....#.#...........##
##..#..##..............##..###


You could see a two-headed ogre.

Vanquished Creatures
  A hippogriff (D:5)
  Sigmund (D:6)
  A steam dragon (D:8)
  2 ice beasts
  An orc warrior (D:7)
  2 sky beasts
  2 phantoms (D:8)
  3 necrophages
  2 ogres
  3 centaurs (D:5)
  A wyvern zombie (D:8)
  3 bullfrogs
  2 scorpions
  9 killer bees
  9 howler monkeys
  8 wights
  6 crimson imps
  A hound (D:7)
  An orc priest (D:3)
  A bullfrog skeleton (D:7)
  Crazy Yiuf (D:5)
  2 centaur skeletons (D:7)
  2 orc wizards
  Terence (D:2)
  2 hell rats (D:8)
  4 worker ants
  2 hound skeletons
  A mummy (D:8)
  A worker ant zombie (D:5)
  4 gnolls (D:2)
  8 adders
  6 river rats (D:8)
  A shadow imp (D:6)
  An ooze (D:3)
  2 adder skeletons
  4 worms
  2 dart slugs
  11 leopard geckos
  15 orcs
  5 bats
  6 giant cockroaches
  5 goblins
  7 hobgoblins
  17 jackals
  8 kobolds
  5 quokkas
  5 frilled lizards
  2 hobgoblin zombies (D:8)
  A jackal skeleton (D:5)
  2 kobold zombies (D:8)
  A quokka skeleton (D:4)
  14 rats
207 creatures vanquished.

Vanquished Creatures (others)
  A river rat (D:8)
  3 quokkas (D:8)
  4 rats (D:8)
8 creatures vanquished.

Grand Total: 215 creatures vanquished

Notes
Turn   | Place    | Note
-------+----------+-------------------------------------------
     0 | D:1      | funkygono the Gargoyle Fighter began the quest for the Orb.
     0 | D:1      | Reached XP level 1. HP: 14/14 MP: 1/1
   114 | D:1      | Reached XP level 2. HP: 14/19 MP: 2/2
   475 | D:1      | Reached XP level 3. HP: 23/23 MP: 3/3
   707 | D:2      | Noticed Terence
   723 | D:2      | Killed Terence
   752 | D:2      | Reached XP level 4. HP: 20/28 MP: 4/4
   763 | D:2      | Found a glowing silver altar of Zin.
  1082 | D:2      | Found a white marble altar of Elyvilon.
  1090 | D:2      | Became a worshipper of Elyvilon the Healer
  1557 | D:2      | Reached XP level 5. HP: 23/33 MP: 5/5
  1865 | D:3      | Found a burning altar of Makhleb.
  2179 | D:3      | Reached * piety under Elyvilon
  2244 | D:3      | Found an ancient bone altar of Kikubaaqudgha.
  2318 | D:3      | Found a hide-covered altar of Uskayaw.
  2320 | D:3      | Reached skill level 1 in Dodging
  2320 | D:3      | Reached XP level 6. HP: 38/38 MP: 6/6
  2557 | D:3      | Found an ornate altar of the Wu Jian Council.
  2795 | D:4      | Found Ihebicumn's Armour Emporium.
  2976 | D:4      | Reached skill level 1 in Stealth
  3107 | D:4      | Reached ** piety under Elyvilon
  3363 | D:4      | Found a hazy altar of Hepliaklqana.
  3536 | D:5      | Entered Level 5 of the Dungeon
  3564 | D:5      | Reached XP level 7. HP: 44/44 MP: 7/7
  3646 | D:5      | Noticed a hippogriff
  3662 | D:5      | Gained mutation: Your flesh is cold resistant. (rC+)
                  | [potion of mutation]
  3662 | D:5      | Gained mutation: You tend to lose your temper in combat.
                  | [potion of mutation]
  3662 | D:5      | Gained mutation: You are frail. (-10% HP) [potion of
                  | mutation]
  3662 | D:5      | Gained mutation: Your muscles are strong. (Str +2) [potion
                  | of mutation]
  3663 | D:5      | Killed a hippogriff
  3663 | D:5      | Reached skill level 5 in Shields
  3664 | D:5      | HP: 1/39 [howler monkey (3)]
  3674 | D:5      | Elyvilon protects you from harm!
  3675 | D:5      | Reached skill level 5 in Maces & Flails
  3984 | D:5      | Found a shattered altar of Ashenzari.
  4039 | D:5      | Reached skill level 5 in Fighting
  4039 | D:5      | Reached skill level 5 in Armour
  4039 | D:5      | Reached XP level 8. HP: 39/44 MP: 8/8
  4145 | D:5      | Found a runed translucent door.
  4146 | D:5      | Noticed Crazy Yiuf
  4156 | D:5      | Killed Crazy Yiuf
  4685 | D:6      | Reached *** piety under Elyvilon
  4697 | D:6      | Found a staircase to the Ecumenical Temple.
  4706 | Temple   | Entered the Ecumenical Temple
  4832 | D:6      | Noticed Sigmund
  4859 | D:6      | Killed Sigmund
  5146 | D:6      | Reached XP level 9. HP: 35/49 MP: 9/9
  5325 | D:7      | Found Anoar's Gadget Shoppe.
  5727 | D:7      | Found an opulent altar of Gozag.
  5766 | D:7      | Found a glowing golden altar of the Shining One.
  5821 | D:7      | Reached **** piety under Elyvilon
  6186 | D:8      | Found a basalt altar of Yredelemnul.
  6218 | D:8      | Found an iron altar of Okawaru.
  6339 | D:8      | Reached XP level 10. HP: 54/54 MP: 10/10
  6914 | D:8      | Reached skill level 1 in Invocations
  7175 | D:9      | Noticed a two-headed ogre
  7193 | D:8      | Elyvilon protects you from harm!
  7198 | D:8      | Mangled by a two-headed ogre

Skill      XL: |  1  2  3  4  5  6  7  8  9 10 |
---------------+-------------------------------+-----
Armour         | 4 5 6 7 |  7.1
Maces & Flails | 3 4 5 6 7 8 |  8.5
Shields        | 4 5 6 8 |  8.8
Dodging        | 1 2 3 |  3.9
Fighting       | 4 5 6 |  6.4
Stealth        | 1 2 |  2.2
Invocations    | 1 |  1.1

Action                   |  1- 3 |  4- 6 |  7- 9 | 10-12 || total
-------------------------+-------+-------+-------+-------++-------
Melee: Flail             |    76 |   302 |   438 |   207 ||  1023
Invok: Heal Other        |       |       |     3 |    10 ||    13
       Lesser Healing    |       |       |     2 |     1 ||     3
  Use: Scroll            |     5 |     6 |     5 |     1 ||    17
       Potion            |       |     2 |     4 |     1 ||     7
  Eat: Chunk             |       |     9 |     8 |     7 ||    24
       Ration            |       |       |     1 |       ||     1
Armor: Scale mail        |    27 |   131 |   212 |    56 ||   426
Dodge: Dodged            |    23 |    86 |    91 |    39 ||   239
Block: Shield            |    39 |   104 |       |       ||   143
       Large shield      |       |    62 |   359 |   168 ||   589
